 Dungeon Crawl Stone Soup version 0.31-a0-466-g98c9adc2b6 (webtiles) character file.

Game seed: 447825990041045284

240 Ofeo the Ruffian (level 5, -4/40 HPs)
             Began as a Demonspawn Shapeshifter on Aug 6, 2023.
             Succumbed to a kobold brigand's curare-tipped dart
             ... in a sewer.
             The game lasted 00:03:30 (3413 turns).

Ofeo the Ruffian (Demonspawn Shapeshifter)          Turns: 3413, Time: 00:03:31

Health: -4/40      AC:  2    Str: 17    XL:     5   Next: 80%
Magic:  5/5        EV: 13    Int:  9    God:
Gold:   172        SH:  0    Dex: 14    Spells: 4/4 levels left

rFire   . .          .
                       - Unarmed
rCold   . . .        (no shield)
rNeg    . . .        a - +0 animal skin
rPois   .            (helmet currently unavailable)
rElec   .            (cloak currently unavailable)
rCorr   .            (gloves currently unavailable)
SInv    .            (boots currently unavailable)
Will    +....        e - amulet of magic regeneration
Stlth   +            b - ring of willpower
HPRegen 0.26/turn    (no ring)
MPRegen 0.49/turn

%: no passive effects
@: mighty, lethally poisoned (-4 -> -35), beast-form, slowed, very slow
A: beast (slay +2), demonic guardian 1, demonic touch 1
a: Begin Untransformation


You were in a sewer.
You were a hulking beast.
You visited 2 branches of the dungeon, and saw 6 of its levels.
You also visited: Sewer.

You collected 172 gold pieces.

Inventory:

Armour
 a - a +0 animal skin (worn)
Jewellery
 b - a ring of willpower (left hand)
 e - an amulet of magic regeneration (around neck)
 p - a +6 ring of intelligence
Talismans
 c - a beast talisman (active)
Scrolls
 g - 3 scrolls of teleportation {unknown}
 h - a scroll of silence {unknown}
 i - 4 scrolls of identify {unknown}
 k - a scroll of poison {unknown}
 l - a scroll of fog {unknown}
 n - 4 scrolls of vulnerability {unknown}
 r - a scroll of enchant weapon {unknown}
Potions
 d - a potion of attraction {unknown}
 j - a potion of heal wounds {unknown}
 m - a potion of cancellation {unknown}
 o - a potion of curing {unknown}
 q - a potion of degeneration {unknown}


   Skills:
 + Level 2.9 Fighting
 + Level 3.1 Dodging
 + Level 3.8 Unarmed Combat
 + Level 3.4 Shapeshifting


You had 4 spell levels left.
You didn't know any spells.
Your spell library contained the following spells:

 Spells                   Type           Power      Damage    Failure   Level
 Shock                    Conj/Air       0%         1d3       38%         1
 Blink                    Tloc           0%         N/A       52%         2
 Swiftness                Air            0%         N/A       77%         3
 Airstrike                Air            0%         2d(0-16)  99%         4
 Manifold Assault         Tloc           0%         N/A       99%         4


Dungeon Overview and Level Annotations

Branches:
Dungeon (5/15)             Temple (1/1) D:5           Sewer (1/1)

Altars:
Cheibriados
Fedhas
Okawaru
Qazlal
Sif Muna
Trog
Uskayaw

Shops:
D:1 [   D:2 [


Innate Abilities, Weirdness & Mutations

You are a hulking beast.
Your limbs bulge with bestial killing power. (Slay +2)
A weak demonic guardian rushes to your aid.
Your touch may inflict minor irresistible damage on your foes.


Message History

The kobold brigand shouts!
You punch the jackal!
You kill the jackal!
A kobold comes into view. It is wielding a +0 short sword.
The kobold hits you with a +0 whip.
A demonic guardian appears!
The kobold splashes around in the water.
The kobold moves out of view.
You see here a jackal corpse.
You take 4 damage, and have 36/40 hp.
Your unstable footing causes you to fumble your attack.
The kobold hits you with a +0 whip.
Your shadow imp gestures at the kobold.
The kobold writhes in agony!
The kobold dies!
You hear a splash. x2
You take 4 damage, and have 32/40 hp.
The kobold brigand throws a curare-tipped dart.
The curare-tipped dart hits you.
You are poisoned.
You have difficulty breathing.
You feel yourself slow down.
The kobold brigand throws a curare-tipped dart.
The curare-tipped dart closely misses you.
You take 11 damage, and have 21/40 hp.
MASSIVE DAMAGE!!
You feel extremely sick.
The kobold brigand throws a poisoned dart.
The poisoned dart barely misses you.
The kobold throws a stone.
The stone hits you but does no damage.
The kobold brigand throws a poisoned dart.
The poisoned dart hits you!
You are lethally poisoned!
The kobold brigand throws a curare-tipped dart.
The curare-tipped dart hits you.
You are more poisoned.
You have difficulty breathing.
* * * LOW HITPOINT WARNING * * *
You feel as though you will be slow longer.
You take 16 damage, and have 5/40 hp.
MASSIVE DAMAGE!!
It was a potion of might.
You feel very mighty all of a sudden.
You die...

.. ####.#### #...~~..#
#..~~~~~# #~~≈≈≈~.#
#~~≈≈≈~~# #~~≈≈≈~.#
#.~~≈~~h# #..~≈~~~#
#..K≈~~~################
#~.K≈~~)†~)~~~~~†~~~~~~~
#.K~≈5~~################
##~~≈~~## #.~≈~.#
#.~≈≈~# ∩..~≈~.#


You could see 2 kobold brigands, a kobold (ally target) and a friendly shadow
imp (summoned).

Vanquished Creatures
  A scorpion (D:4)
  An orc wizard (D:4)
  3 adders
  A river rat (Sewer)
  A worm (D:4)
  2 dart slugs
  2 orcs (D:4)
  8 ball pythons
  4 bats
  7 endoplasms
  4 giant cockroaches
  4 goblins
  6 hobgoblins
  5 jackals
  8 quokkas
  2 frilled lizards (D:1)
  5 kobolds
  10 rats
74 creatures vanquished.

Vanquished Creatures (collateral kills)
  A hound (D:4)
  A hobgoblin (D:4)
  A kobold (Sewer)
3 creatures vanquished.

Grand Total: 77 creatures vanquished

Notes
Turn   | Place    | Note
-------+----------+-------------------------------------------
     0 | D:1      | Ofeo the Demonspawn Shapeshifter began the quest for the
                  | Orb.
     0 | D:1      | Reached XP level 1. HP: 15/15 MP: 1/1
   127 | D:1      | Gained mutation: Your touch may inflict minor irresistible
                  | damage on your foes. [demonic ancestry]
   127 | D:1      | Reached XP level 2. HP: 21/21 MP: 2/2
   514 | D:1      | Found Vostal's Armour Emporium.
   604 | D:2      | Reached XP level 3. HP: 26/26 MP: 3/3
   879 | D:2      | Found Cayz Dupn's Antique Armour Boutique.
  2128 | D:3      | Gained mutation: A weak demonic guardian rushes to your
                  | aid. [demonic ancestry]
  2128 | D:3      | Reached XP level 4. HP: 25/33 MP: 4/4
  2341 | D:3      | You fall into a shaft and drop 1 floor!
  2399 | D:4      | Noticed a scorpion
  2413 | D:4      | Killed a scorpion
  2414 | D:4      | Reached XP level 5. HP: 39/39 MP: 5/5
  3099 | D:5      | Entered Level 5 of the Dungeon
  3115 | D:5      | Found a staircase to the Ecumenical Temple.
  3124 | Temple   | Entered the Ecumenical Temple
  3226 | D:5      | Found a glowing drain.
  3243 | Sewer    | Entered a sewer
  3413 | Sewer    | Succumbed to a kobold brigand's curare-tipped dart

Illustrated notes

Levels and vault maps discovered:
D:1:      lightli_arrival_chessboard, layout_rooms, serial_shops,
          nicolae_lakefront_shop
D:2:      layout_basic, serial_shops, shop, minmay_pentomino_r2
D:3:      layout_loops_ring, grunt_temple_overflow_opulence,
          ebering_ghost_disaster_area, minivault_27
D:4:      layout_rooms
D:5:      layout_loops_ring, minmay_temple_entry_junction_2,
          portal_sewer_entry_a, gammafunk_ghost_nasty_kobolds,
          kennysheep_nondescript, hangedman_decor_points, minmay_diced_spiral,
          uniq_grinder
Temple:   hellmonk_temple_two_chambers
Sewer:    sewer_kobolds

Skill      XL: |  1  2  3  4  5 |
---------------+----------------+-----
Dodging        | 2 3 |  3.1
Unarmed Combat | 3 |  3.8
Shapeshifting  | 3 |  3.4
Fighting       | 2 |  2.9

Action                     |  1- 3 |  4- 6 || total
---------------------------+-------+-------++-------
  Melee: Unarmed           |    99 |    68 ||   167
         Touch             |     9 |    11 ||    20
         Punch             |     1 |     1 ||     2
    Use: Potion            |       |     2 ||     2
   Stab: Sleeping          |     1 |       ||     1
 Armour: Animal skin       |    19 |    13 ||    32
         Skin              |       |     1 ||     1
  Dodge: Dodged            |    65 |    46 ||   111

Table legend: (Time is in decaauts)
 A = Elapsed time spent in this place.
 B = Non-inter-level travel time spent in this place.
 C = Inter-level travel time spent in this place.
 D = Time resting spent in this place.
 E = Time spent auto-exploring this place.
 F = Levels seen in this place.
 G = Mean time per level.
                   A        B        C        D        E       F      G
               +--------+--------+--------+--------+--------+-----+--------+
         Total |   3437 |   3331 |    106 |    126 |   2558 |   7 |  491.0 |
       Dungeon |   3229 |   3123 |    106 |     53 |   2558 |   5 |  645.8 |
        Temple |      3 |      3 |      0 |      0 |      0 |   1 |    3.0 |
         Sewer |    204 |    204 |      0 |     73 |      0 |   1 |  204.0 |
               +--------+--------+--------+--------+--------+-----+--------+

Top non-repeatable levels by time:
     D:2: 1242 daAuts
     D:4: 755 daAuts
     D:1: 571 daAuts
     D:3: 520 daAuts
   Sewer: 204 daAuts
     D:5: 140 daAuts
  Temple: 3 daAuts
